 Dungeon Crawl Stone Soup version 0.28-a0-1594-ga885d4b3d6 (webtiles) character file.

Game seed: 12451398659848373833

605 HallandMoats the Skirmisher (level 7, 0/44 HPs)
             Began as a Gargoyle Fighter on Jan 21, 2022.
             Slain by a phantom (5 damage)
             ... on level 4 of the Dungeon.
             The game lasted 00:05:14 (4134 turns).

HallandMoats the Skirmisher (Gargoyle Fighter)      Turns: 4134, Time: 00:05:14

Health: 0/44       AC: 13    Str: 18 (19) XL:     7   Next: 42%
Magic:  7/7        EV:  9    Int:  8 (9)  God:
Gold:   117        SH:  4    Dex:  8 (11) Spells: 6/6 levels left

rFire   . . .      SeeInvis .   s - +2 short sword (venom)
rCold   . . .      Faith    .   c - +0 buckler
rNeg    + . .      Spirit   .   e - +0 scale mail
rPois   ∞          Reflect  .   r - +0 helmet
rElec   +          Harm     .   (no cloak)
rCorr   .          Rampage  .   (no gloves)
Will    .....                   (no boots)
Stlth   ..........              (no amulet)
HPRegen 0.14/turn               (no ring)
MPRegen 0.10/turn               (no ring)

@: weak-willed
A: sickness immunity, AC +4, negative energy resistance 1, electricity
resistance, torment resistance 1, petrification resistance
a: no special abilities


You were on level 4 of the Dungeon.
You visited 1 branch of the dungeon, and saw 4 of its levels.

You collected 117 gold pieces.

Inventory:

Hand Weapons
 a - a +0 war axe
 b - a +1 trident of protection
 s - a +2 short sword of venom (weapon)
Armour
 c - a +0 buckler (worn)
 e - a +0 scale mail (worn)
 r - a +0 helmet (worn)
Jewellery
 k - a ring of ice
Wands
 d - a wand of digging (6)
 h - a wand of flame (29)
Scrolls
 l - a scroll of holy word
 o - a scroll of teleportation {unknown}
Potions
 p - a potion of cancellation
 q - a potion of curing {unknown}
 t - a potion of heal wounds {unknown}


   Skills:
 + Level 5.3 Fighting
 * Level 4.2 Axes
 + Level 4.6 Armour
 * Level 2.6 Dodging
 - Level 4.1 Shields


You had 6 spell levels left.
You didn't know any spells.
Your spell library contained the following spells:

 Spells                   Type           Power      Damage    Failure   Level
 Magic Dart               Conj           0%         1d3       86%         1
 Call Imp                 Summ           0%         N/A       95%         2
 Corpse Rot               Necr/Air       0%         N/A       95%         2
 Poisonous Vapours        Pois/Air       0%         N/A       95%         2
 Mephitic Cloud           Conj/Pois/Air  0%         N/A       99%         3


Dungeon Overview and Level Annotations

Branches:
Dungeon (4/15)
 Temple: D:4-7

Altars:

Shops:
D:3 *


Innate Abilities, Weirdness & Mutations

You are immune to sickness and miasma.
Your stone body is resilient. (AC +4)
You are immune to poison.
You resist negative energy. (rN+)
You are resistant to electric shocks. (rElec)
You are resistant to unholy torment.
You are immune to petrification.


Message History

The phantom hits you but does no damage.
You hit the phantom but do no damage.
The phantom is lightly damaged.
The phantom hits you.
A scorpion comes into view.
You are too injured to fight recklessly!
You are too injured to fight recklessly!
The phantom hits you!
* * * LOW HITPOINT WARNING * * *
The phantom blinks!
You blink.
You closely miss the phantom. You block the phantom's attack.
The hobgoblin hits you but does no damage.
You block the hobgoblin's attack.
Found a stone staircase leading down.
Things that are here:
a +0 short sword; a +0 scale mail; an orc corpse
There is a stone staircase leading up here.
The hobgoblin hits you.
* * * LOW HITPOINT WARNING * * *
The phantom hits you.
* * * LOW HITPOINT WARNING * * *
The phantom blinks!
You blink.
You stop ascending the stairs.
Found a morningstar and an inky potion.
The phantom barely misses you.
As you read the scroll labelled DUDARANEUS, it crumbles to dust.
Magic quickly surges around you.
It was a scroll of vulnerability.
The phantom hits you but does no damage.
As you read the scroll labelled NIF AGIUNAGG, it crumbles to dust.
It is a scroll of amnesia.
You feel forgetful for a moment.
The phantom hits you but does no damage.
As you read the scroll labelled YTEUBI IFFOCS, it crumbles to dust.
You assume a fearsome visage.
The hobgoblin looks frightened!
The phantom is unaffected.
It was a scroll of fear.
The phantom hits you but does no damage.
As you read the scroll labelled RIOWAN CUUF, it crumbles to dust.
It is a scroll of identify.
l - a scroll of holy word The phantom hits you.
You die...

#### ... ....# ...
.... ... .... #.#
### #..#
#.###.##########..##
...................#
....†..)§........!#
.......§........@.##
#..##..##.......W..#
#..##..##.........)#
.......#...g......##
#......'..........##
#####..#.....>.....#
#..######..........#
...# #.........##
...# +..........#


You could see a phantom (weak-willed) and a hobgoblin (fleeing, weak-willed).

Vanquished Creatures
  A hornet (D:3)
  A black bear (D:4)
  A water moccasin skeleton (D:3)
  Terence (D:3)
  Natasha (thrice) (D:3)
  Robin (D:2)
  4 gnolls (D:3)
  2 adders
  2 worms
  A dart slug (D:3)
  2 orcs
  5 ball pythons
  5 endoplasms
  6 giant cockroaches
  19 goblins
  8 hobgoblins
  6 jackals
  6 kobolds
  2 quokkas
  6 bats
  2 frilled lizards
  4 rats
88 creatures vanquished.

Notes
Turn   | Place    | Note
-------+----------+-------------------------------------------
     0 | D:1      | HallandMoats the Gargoyle Fighter began the quest for the
                  | Orb.
     0 | D:1      | Reached XP level 1. HP: 14/14 MP: 1/1
   276 | D:1      | Reached XP level 2. HP: 19/19 MP: 2/2
   651 | D:1      | Reached XP level 3. HP: 24/24 MP: 3/3
  1432 | D:2      | Reached skill level 4 in Fighting
  1606 | D:2      | Reached XP level 4. HP: 29/29 MP: 4/4
  1891 | D:2      | Reached skill level 1 in Dodging
  1973 | D:2      | Found a faded altar of an unknown god.
  2145 | D:3      | Noticed Robin
  2153 | D:2      | Killed Robin
  2563 | D:3      | Noticed Natasha
  2568 | D:3      | Killed Natasha
  2569 | D:3      | Reached XP level 5. HP: 34/34 MP: 5/5
  2600 | D:3      | Noticed Natasha
  2609 | D:3      | Killed Natasha
  2697 | D:3      | Noticed Natasha
  2702 | D:3      | Killed Natasha
  2751 | D:3      | Noticed Terence
  2765 | D:3      | Killed Terence
  2835 | D:3      | Reached XP level 6. HP: 37/40 MP: 6/6
  3150 | D:3      | Found Vedom's General Store.
  3308 | D:3      | Reached skill level 5 in Fighting
  3782 | D:4      | Noticed a hornet
  3800 | D:3      | Killed a hornet
  3801 | D:3      | Reached XP level 7. HP: 8/44 MP: 7/7
  4134 | D:4      | Slain by a phantom

Illustrated notes

Levels and vault maps discovered:
D:1:      eino_arrival_tree_alley, layout_basic
D:2:      layout_loops_ring, ebering_ecumenical_altar_ruins
D:3:      layout_loops_corners, serial_shops, shop, hangedman_decor_peaks_small,
          uniq_terence, uniq_robin, uniq_natasha
D:4:      layout_gridville

Skill      XL: |  1  2  3  4  5  6 |
---------------+-------------------+-----
Axes           | 2 3 4 |  4.2
Fighting       | 4 5 |  5.3
Dodging        | 1 2 |  2.6
Shields        | 4 |  4.1
Armour         | 4 |  4.6

Action                   |  1- 3 |  4- 6 |  7- 9 || total
-------------------------+-------+-------+-------++-------
Melee: War axe           |    16 |    37 |       ||    53
       Dagger            |    78 |       |       ||    78
       Trident           |    66 |    41 |       ||   107
       Short sword       |       |    72 |    19 ||    91
  Use: Potion            |       |     5 |       ||     5
       Scroll            |       |       |     4 ||     4
Armor: Scale mail        |   107 |   101 |    21 ||   229
       Skin              |       |     6 |       ||     6
Dodge: Dodged            |    81 |    89 |    10 ||   180
Block: Buckler           |    46 |    38 |     3 ||    87

Table legend: (Time is in decaauts)
 A = Elapsed time spent in this place.
 B = Non-inter-level travel time spent in this place.
 C = Inter-level travel time spent in this place.
 D = Time resting spent in this place.
 E = Time spent auto-exploring this place.
 F = Levels seen in this place.
 G = Mean time per level.
                   A        B        C        D        E       F      G
               +--------+--------+--------+--------+--------+-----+--------+
         Total |   4201 |   4103 |     98 |    277 |   3097 |   4 | 1050.2 |
       Dungeon |   4201 |   4103 |     98 |    277 |   3097 |   4 | 1050.2 |
               +--------+--------+--------+--------+--------+-----+--------+

Top non-repeatable levels by time:
     D:3: 1752 daAuts
     D:1: 1347 daAuts
     D:2: 1043 daAuts
     D:4: 59 daAuts
